 Dungeon Crawl Stone Soup version 0.26.1-2-gb8aa6d0cf2 (webtiles) character file.

Game seed: 18388047717282853819

7133 H0rd4k the Slicer (level 11, -9/83 HPs)
             Began as a Human Artificer on Feb 17, 2021.
             Was an Initiate of Gozag.
             Shot with an arrow by a centaur warrior (21 damage)
             ... on level 10 of the Dungeon.
             The game lasted 00:29:37 (18269 turns).

H0rd4k the Slicer (Human Artificer)                Turns: 18269, Time: 00:29:38

Health: -9/83      AC:  6    Str: 15    XL:     11   Next: 31%
Magic:  12/12      EV: 15    Int: 13    God:    Gozag
Gold:   690        SH:  5    Dex: 13    Spells: 2/11 levels left

rFire    . . .     SeeInvis .   v - +0 short sword (venom)
rCold    . . .     Faith    .   (no shield)
rNeg     . . .     Spirit   .   y - +3 leather armour
rPois    .         Reflect  +   (no helmet)
rElec    .         Harm     .   (no cloak)
rCorr    .         Rampage  .   (no gloves)
Will     +....                  (no boots)
Stlth    ++++......             z - amulet of reflection
HPRegen  0.23/turn              O - ring of willpower
MPRegen  0.13/turn              F - ring of stealth

@: very slightly contaminated, invisible
A: no striking features
a: Renounce Religion, Potion Petition, Call Merchant, Bribe Branch


You were on level 10 of the Dungeon.
You worshipped Gozag.
Gozag was pleased with you.
You visited 2 branches of the dungeon, and saw 11 of its levels.
You also visited: Ossuary.

You collected 846 gold pieces.
You paid 156 gold pieces to Gozag.

Inventory:

Hand Weapons
 f - a +0 short sword
 g - a +2 short sword of freezing
 v - a +0 short sword of venom (weapon)
 B - a +4 long sword of holy wrath
 H - the +2 long sword of Dikidghen {holy, rC+ Will+ Stlth+}
   (You found it on level 7 of the Dungeon)

   It has been blessed by the Shining One to cause great damage to the undead
   and demons.
   It protects you from cold.
   It affects your willpower, your defense against some magical effects.
   It makes you more stealthy.
Missiles
 i - 21 poisoned darts (quivered)
 V - 4 atropa-tipped darts
Armour
 b - a +1 leather armour
 w - a cursed +0 robe
 y - a +3 leather armour (worn)
 I - the +1 leather armour "Fulus" {Dex+4}
   (You found it on level 6 of the Dungeon)

   It affects your dexterity (+4).
Jewellery
 m - an uncursed ring of protection from cold
 z - an amulet of reflection (around neck)
 F - a ring of stealth (right hand)
 L - an uncursed ring of protection from fire
 M - an uncursed ring of wizardry
 O - a ring of willpower (left hand)
 R - an uncursed ring of magical power
 T - an uncursed amulet of the acrobat
Wands
 d - a wand of enslavement (7)
 C - a wand of random effects (44)
 K - a wand of iceblast (5)
 S - a wand of flame (26)
Scrolls
 a - a scroll of fog {unknown}
 h - 4 scrolls of amnesia
 j - 2 scrolls of fear
 k - 5 scrolls of teleportation
 l - 9 scrolls of remove curse
 p - 2 scrolls of blinking
 r - 3 scrolls of enchant armour
 s - 2 scrolls of immolation {unknown}
 x - 2 scrolls of magic mapping {unknown}
 G - 3 scrolls of noise {unknown}
 J - 2 scrolls of vulnerability {unknown}
 Q - a scroll of torment {unknown}
 U - a scroll of identify
Potions
 c - 5 potions of magic
 e - 2 potions of brilliance {unknown}
 n - 4 potions of ambrosia
 o - 2 potions of lignification
 q - 5 potions of curing
 t - 4 potions of degeneration
 u - a potion of heal wounds
 A - 4 potions of berserk rage
 D - a potion of resistance {unknown}
 E - a potion of might {unknown}
 P - 2 potions of mutation {unknown}


   Skills:
 + Level 6.4 Fighting
 + Level 8.8(9.5) Short Blades
 + Level 5.2(7.7) Long Blades
 + Level 0.2 Throwing
 + Level 5.5 Armour
 + Level 6.7 Dodging
 + Level 5.4 Stealth
 + Level 3.6 Shields
 * Level 0.9 Spellcasting
 * Level 1.1 Hexes
 * Level 1.4 Ice Magic
 + Level 4.5 Evocations


You had 2 spell levels left.
You knew the following spells:

 Your Spells              Type           Power        Failure   Level
a - Ozocubu's Armour      Ice            4%           50%         3
b - Tukima's Dance        Hex            3%           54%         3
c - Confusing Touch       Hex            3%           54%         3

Your spell library contained the following spells:

 Spells                   Type           Power        Failure   Level
 Freeze                   Ice            16%          19%         1
 Corona                   Hex            3%           22%         1
 Ensorcelled Hibernation  Hex/Ice        6%           30%         2
 Animate Skeleton         Necr           0%           34%         1
 Pain                     Necr           0%           34%         1
 Frozen Ramparts          Ice            8%           50%         3
 Dazzling Flash           Conj/Hex       4%           63%         3
 Vampiric Draining        Necr           0%           71%         3
 Hailstorm                Conj/Ice       2%           94%         4
 Summon Ice Beast         Ice/Summ       2%           94%         4
 Animate Dead             Necr           0%           98%         4
 Agony                    Necr           0%           100%        5


Dungeon Overview and Level Annotations

Branches:
Dungeon (10/15)            Temple (1/1) D:5            Lair (0/6) D:8
    Orc (0/2) D:9         Ossuary (visited)

Altars:
Ashenzari
Cheibriados
Dithmenos
Elyvilon
Fedhas
Gozag
Hepliaklqana
Kikubaaqudgha
Makhleb
Nemelex Xobeh
Okawaru
Qazlal
Ru
Sif Muna
Trog
Uskayaw
Vehumet
Wu Jian
Yredelemnul
Zin
The Shining One

Annotations:
D:5 exclusion: downstairs
D:7 exclusion: 2 downstairs
D:9 exclusions: downstairs, upstairs and 3 yaks
D:10 exclusion: hydra, Fannar


Message History

The centaur warrior shoots an arrow.
The arrow hits you!
You see here an arrow.
The centaur warrior shoots an arrow.
The arrow hits you!!
* * * LOW HITPOINT WARNING * * *
You see here an arrow.
Okay, then.
You feel much better.
The centaur warrior shoots an arrow.
The arrow hits you!
* * * LOW HITPOINT WARNING * * *
Okay, then.
Unknown command.
You fade into invisibility!
The centaur warrior shoots an arrow.
The arrow hits the troll!
You block the troll's attack. The troll claws you but does no damage.
The troll claws you.
* * * LOW HITPOINT WARNING * * *
You are very lightly contaminated with residual magic.
The centaur warrior shoots an arrow.
The arrow misses the troll.
The arrow hits you!!
You die...
Your body crumbles into a pile of gold.

...T.T.##.......#.##.#######...##
#.############.......## #...##
#.###############.#...## #...#
....#..T..l.B.# #......# #...##
#.#T#.#######.# #......# #.....
......# #.# ##..>..#####....#
......# #.# ##..#........)..
.##.#.# #T#####.###.....c.).. .
..#.# #.#.@(T.c#(...T...)..
....#.# #l#.####T)#####....l#
.####.#######B### #### #.###.. .
............# #c# #.# #
#........### ... $ ##.###.# #
#.#.###l## #lr. #......# #
#.#...$## ..... .. ###>..##
####.#....# ##..... ..# #....#
........#.# ...Y... .... #....#


You could see a centaur warrior and 2 trolls.

Vanquished Creatures
  A two-headed ogre (D:8)
  A troll (D:10)
  5 yaks
  Eustachio (D:6)
  An ice beast (D:4)
  A sky beast (D:7)
  2 phantoms
  A black bear (D:8)
  A necrophage (D:6)
  7 orc warriors
  7 ogres
  3 centaurs
  2 bullfrogs (D:10)
  A wyvern skeleton (D:8)
  6 killer bees (D:7)
  17 scorpions
  7 wights
  2 howler monkeys
  3 human zombies (Ossuary)
  4 centaur zombies
  2 bullfrog skeletons
  4 orc priests
  A gnoll shaman (D:8)
  4 hounds
  2 jellies
  7 orc wizards
  Terence (D:3)
  5 iguanas
  9 worker ants
  A killer bee zombie (D:10)
  3 big kobold zombies (Ossuary)
  2 hound zombies
  3 hound skeletons
  3 mummies (Ossuary)
  4 scorpion zombies (Ossuary)
  A worker ant zombie (D:10)
  8 adders
  5 gnolls (D:8)
  3 shadow imps
  3 white imps
  An adder skeleton (D:5)
  An adder zombie (D:7)
  2 worms
  3 dart slugs (D:1)
  6 leopard geckos
  41 orcs
  7 bats
  4 giant cockroaches
  3 gnoll zombies
  4 goblins
  3 hobgoblins (D:1)
  16 jackals
  3 quokkas
  2 ball pythons (D:2)
  5 frilled lizards
  3 goblin zombies (Ossuary)
  A hobgoblin zombie (Ossuary)
  A jackal skeleton (D:4)
  11 kobolds
  A kobold zombie (Ossuary)
  A leopard gecko zombie (D:7)
  2 orc zombies (Ossuary)
  3 rats
268 creatures vanquished.

Vanquished Creatures (collateral kills)
  Maggie (D:10)
  A centaur (D:8)
  2 gnolls (D:8)
  An adder (D:4)
  A scorpion zombie (Ossuary)
6 creatures vanquished.

Vanquished Creatures (others)
  A bullfrog (D:8)
  A kobold zombie (Ossuary)
  13 fungi (D:8)
  13 plants (D:8)
28 creatures vanquished.

Grand Total: 302 creatures vanquished

Notes
Turn   | Place    | Note
-------+----------+-------------------------------------------
     0 | D:1      | H0rd4k the Human Artificer began the quest for the Orb.
     0 | D:1      | Reached XP level 1. HP: 15/15 MP: 1/1
   313 | D:1      | Reached XP level 2. HP: 20/21 MP: 2/2
   739 | D:1      | Reached XP level 3. HP: 26/26 MP: 3/3
  1669 | D:2      | Reached XP level 4. HP: 8/32 MP: 4/4
  1983 | D:2      | Reached skill level 1 in Short Blades
  2750 | D:2      | HP: 1/32 [hound (5)]
  2753 | D:2      | Reached XP level 5. HP: 1/37 MP: 5/5
  3414 | D:3      | Noticed a centaur
  3421 | D:3      | Killed a centaur
  3422 | D:3      | Reached skill level 2 in Short Blades
  3422 | D:3      | Reached XP level 6. HP: 44/44 MP: 6/6
  3694 | D:3      | Noticed Terence
  3761 | D:3      | Killed Terence
  4116 | D:3      | Found a bloodstained altar of Trog.
  4169 | D:3      | Found a faded altar of an unknown god.
  4325 | D:4      | Found a sand-covered staircase.
  4576 | Ossuary  | Entered an ossuary
  4705 | Ossuary  | Reached skill level 3 in Short Blades
  4936 | Ossuary  | Reached XP level 7. HP: 42/51 MP: 7/7
  6082 | Ossuary  | Reached skill level 4 in Short Blades
  6616 | Ossuary  | Reached XP level 8. HP: 37/58 MP: 8/8
  7095 | Ossuary  | Reached skill level 5 in Short Blades
  7498 | D:4      | Found a hide-covered altar of Uskayaw.
  7503 | D:4      | Noticed a +0 hand axe
  7503 | D:4      | Noticed a +0 dagger
  8084 | D:4      | Reached skill level 6 in Short Blades
  8170 | D:5      | Entered Level 5 of the Dungeon
  8184 | D:5      | Reached skill level 1 in Shields
  8472 | D:5      | Reached XP level 9. HP: 41/65 MP: 9/9
  8744 | D:5      | Found a hazy altar of Hepliaklqana.
  9182 | D:5      | Found a staircase to the Ecumenical Temple.
  9803 | D:6      | Noticed Eustachio
  9988 | D:6      | Reached skill level 7 in Short Blades
 10025 | D:6      | Reached skill level 1 in Long Blades
 10185 | D:6      | Killed Eustachio
 10613 | D:6      | Got a bloodstained leather armour
 10624 | D:6      | Identified the cursed +1 leather armour "Fulus" {Dex+4}
                  | (You found it on level 6 of the Dungeon)
 10703 | D:6      | Found a basalt altar of Yredelemnul.
 10949 | D:6      | Reached skill level 5 in Fighting
 11084 | D:7      | Reached XP level 10. HP: 74/74 MP: 10/10
 11271 | D:7      | Reached skill level 5 in Dodging
 11785 | D:7      | Reached skill level 8 in Short Blades
 11785 | D:7      | Reached skill level 5 in Stealth
 11846 | D:7      | Got an ichor-stained long sword
 11847 | D:7      | Identified the cursed +2 long sword of Dikidghen {holy, rC+
                  | Will+ Stlth+} (You found it on level 7 of the Dungeon)
 12587 | D:8      | HP: 1/67 [orc warrior/+0 hand axe (6)]
 12873 | D:8      | Noticed a two-headed ogre
 12973 | D:8      | Reached skill level 5 in Armour
 14653 | D:9      | Found a staircase to the Orcish Mines.
 15756 | Temple   | Entered the Ecumenical Temple
 15908 | Temple   | Became a worshipper of Gozag Ym Sagoz the Greedy
 16159 | D:8      | Reached XP level 11. HP: 81/81 MP: 11/11
 16194 | D:8      | Killed a two-headed ogre
 16195 | D:8      | Reached skill level 5 in Long Blades
 16672 | D:8      | Found a staircase to the Lair.
 16741 | D:8      | Found a sparkling altar of Nemelex Xobeh.
 17092 | D:8      | Learned a level 3 spell: Ozocubu's Armour
 17096 | D:8      | Learned a level 3 spell: Tukima's Dance
 17100 | D:8      | Learned a level 3 spell: Confusing Touch
 17164 | D:10     | Entered Level 10 of the Dungeon
 17164 | D:10     | Noticed Fannar
 17231 | D:10     | Noticed Maggie
 17392 | D:10     | Noticed a six-headed hydra
 17656 | D:10     | Killed Maggie
 18062 | D:10     | Reached skill level 1 in Hexes
 18178 | D:10     | Noticed a brown ugly thing
 18222 | D:10     | Reached skill level 1 in Ice Magic
 18253 | D:10     | Noticed a centaur warrior
 18266 | D:10     | HP: 2/83 [centaur warrior/arrow (24)]
 18269 | D:10     | Shot with an arrow by a centaur warrior

Illustrated notes

Levels and vault maps discovered:
D:1:      tarquinn_simple_flora_water_e, layout_basic
D:2:      layout_basic
D:3:      layout_rooms, bloody_trog, nicolae_overflow_hidden_temple,
          chequers_ecumenical_altar_simple_redux, uniq_terence
D:4:      minmay_clustersquares, layout_cave_pools, dancing_weapons_uskayaw,
          enter_ossuary_1
D:5:      layout_cave_pods, nzn_hepliaklqana_mist_gate,
          minmay_temple_entry_glassed_door
D:6:      layout_gridville, lemuel_zombie_altar_yredelemnul, uniq_eustachio
D:7:      layout_basic, chequers_serial_rivers_small_3
D:8:      layout_loops_ring, lemuel_round_altar, grunt_lair_entry_orc_guard_hut,
          st_stairs_2, nrook_pool_corridor, grunt_ministairs_9,
          hangedman_decor_growths
D:9:      layout_layer_cave, orc_david_3
D:10:     minmay_bloctagon, layout_loops_cross, uniq_josephine, uniq_fannar,
          uniq_maggie
Temple:   nicolae_temple_elliptical

Skill      XL: |  1  2  3  4  5  6  7  8  9 10 11 |
---------------+----------------------------------+-----
Short Blades   | 1 2 3 4 6 7 8 |  8.8
Dodging        | 2 3 4 6 |  6.7
Fighting       | 2 3 4 5 6 |  6.4
Stealth        | 2 3 4 5 |  5.4
Evocations     | 4 |  4.5
Armour         | 3 4 5 |  5.5
Shields        | 1 3 |  3.6
Long Blades    | 1 4 5 |  5.2
Hexes          | 1 |  1.1
Ice Magic      | 1 |  1.4
Throwing       | |  0.2
Spellcasting   | |  0.9

Action                   |  1- 3 |  4- 6 |  7- 9 | 10-12 || total
-------------------------+-------+-------+-------+-------++-------
Melee: Short sword       |   124 |   211 |   644 |   345 ||  1324
       Club              |    11 |       |       |       ||    11
       Long sword        |       |       |    42 |   162 ||   204
Throw: Dart              |       |     4 |       |       ||     4
Evoke: Wand              |     2 |    21 |    14 |     9 ||    46
  Use: Scroll            |       |     4 |    12 |     2 ||    18
       Potion            |       |       |     2 |     3 ||     5
 Stab: Sleeping          |     2 |     2 |     6 |     7 ||    17
       Paralysed         |       |     3 |     2 |       ||     5
       Confused          |       |     2 |       |       ||     2
       Distracted        |       |       |     1 |     1 ||     2
Armor: Leather armour    |    45 |    46 |   101 |    63 ||   255
Dodge: Dodged            |    83 |   143 |   251 |   240 ||   717
Block: Other             |       |       |    60 |    83 ||   143
       Reflection        |       |       |     7 |     4 ||    11
       Rpst.: Long sword |       |       |     5 |    28 ||    33
